 Dungeon Crawl Stone Soup version 0.29-a0-506-ga2e7fffb44 (webtiles) character file.

Game seed: 825224268047632988

548 YayAnonymity the Shield-Bearer (level 7, -1/60 HPs)
             Began as a Gnoll Fighter on May 28, 2022.
             Slain by a gnoll sergeant
             ... wielding a +4 vorpal trident
              (3 damage)
             ... on level 5 of the Dungeon.
             The game lasted 00:04:12 (3906 turns).

YayAnonymity the Shield-Bearer (Gnoll Fighter)      Turns: 3906, Time: 00:04:13

Health: -1/60      AC: 11    Str: 17    XL:     7   Next: 28%
Magic:  10/10      EV:  7    Int:  8    God:
Gold:   270        SH:  5    Dex: 11    Spells: 10/10 levels left

rFire   . . .      SeeInvis .   a - +0 war axe
rCold   . . .      Faith    .   c - +0 buckler
rNeg    + . .      Spirit   .   k - +0 chain mail
rPois   .          Reflect  .   (no helmet)
rElec   .          Harm     .   m - +0 cloak
rCorr   .          Rampage  .   (no gloves)
Will    .....                   (no boots)
Stlth   ..........              q - amulet of the acrobat
HPRegen 0.20/turn               n - ring of positive energy
MPRegen 0.12/turn               (no ring)

@: no status effects
A: fangs 1, strong nose, distributed training
a: no special abilities


You were on level 5 of the Dungeon.
You visited 1 branch of the dungeon, and saw 5 of its levels.

You collected 270 gold pieces.

Inventory:

Hand Weapons
 a - a +0 war axe (weapon)
 s - a +0 morningstar
Missiles
 w - 2 poisoned darts (quivered)
Armour
 c - a +0 buckler (worn)
 k - a +0 chain mail (worn)
 m - a +0 cloak (worn)
Jewellery
 n - a ring of positive energy (left hand)
 q - an amulet of the acrobat (around neck)
Wands
 u - a wand of acid (10)
Scrolls
 b - 2 scrolls of identify {unknown}
 f - 3 scrolls of fog
 g - 2 scrolls of enchant weapon {unknown}
 i - a scroll of vulnerability {unknown}
 j - a scroll of magic mapping
 l - 2 scrolls of teleportation
 o - 3 scrolls of fear {unknown}
 t - a scroll of amnesia {unknown}
Potions
 d - a potion of might
 e - 2 potions of heal wounds {unknown}
 h - 4 potions of brilliance {unknown}
 p - 2 potions of haste {unknown}
 r - 3 potions of curing
 v - a potion of lignification {unknown}


   Skills:
 + Level 7.0 Fighting
 + Level 2.3 Short Blades
 + Level 2.3 Long Blades
 + Level 5.2 Axes
 + Level 2.3 Maces & Flails
 + Level 2.3 Polearms
 + Level 2.3 Staves
 + Level 2.3 Slings
 + Level 2.3 Bows
 + Level 2.3 Crossbows
 + Level 2.3 Throwing
 + Level 7.0 Armour
 + Level 2.3 Dodging
 + Level 2.3 Stealth
 + Level 7.0 Shields
 + Level 2.3 Unarmed Combat
 + Level 2.3 Spellcasting
 + Level 1.9 Conjurations
 + Level 1.9 Hexes
 + Level 1.9 Summonings
 + Level 1.9 Necromancy
 + Level 1.9 Translocations
 + Level 1.9 Transmutations
 + Level 1.9 Fire Magic
 + Level 1.9 Ice Magic
 + Level 1.9 Air Magic
 + Level 1.9 Earth Magic
 + Level 1.9 Poison Magic
 + Level 2.6 Invocations
 + Level 2.3 Evocations


You had 10 spell levels left.
You didn't know any spells.
Your spell library contained the following spells:

 Spells                   Type           Power      Damage    Failure   Level
 Apportation              Tloc           8%         N/A       93%         1
 Necrotize                Necr           16%        1d4       93%         1
 Summon Small Mammal      Summ           16%        N/A       93%         1
 Confusing Touch          Hex            4%         N/A       100%        3
 Summon Ice Beast         Ice/Summ       4%         N/A       100%        4
 Freezing Cloud           Conj/Ice/Air   2%         6-21      100%        5
 Summon Mana Viper        Hex/Summ       4%         N/A       100%        5
 Yara's Violent Unravell  Hex/Tmut       2%         3d3       100%        5
 Simulacrum               Ice/Necr       2%         N/A       100%        6
 Enfeeble                 Hex            2%         N/A       100%        7
 Monstrous Menagerie      Summ           2%         N/A       100%        7
 Polar Vortex             Ice            2%         N/A       100%        9


Dungeon Overview and Level Annotations

Branches:
Dungeon (5/15)             Temple (0/1) D:5

Altars:
Makhleb
Qazlal
Ru
Sif Muna
The Shining One

Annotations:
D:4 3 runed translucent doors, Zdeegee's ghost, novice TeCj


Innate Abilities, Weirdness & Mutations

You have very sharp teeth.
Your uncanny sense of smell can sniff out nearby items.
Your experience applies equally to all skills.


Message History

You completely miss the orc.
The orc is almost dead.
You barely miss the orc. You block the orc's attack. x2
The gnoll closely misses you. The gnoll sergeant barely misses you.
You completely miss the orc.
The orc is almost dead.
You barely miss the orc. The gnoll sergeant closely misses you.
The orc barely misses you. The orc closely misses you.
You block the gnoll's attack.
The gnoll hits you from afar with a +0 halberd.
You block the orc's attack. You block the gnoll sergeant's attack.
The orc hits you but does no damage.
You hit the orc.
You kill the orc!
You slash the orc!
You kill the orc!
The gnoll hits you but does no damage.
The gnoll sergeant hits you from afar with a +4 vorpal trident.
You are too injured to fight recklessly!
You are too injured to fight recklessly!
You hit the gnoll sergeant.
The gnoll sergeant is moderately wounded.
You hit the gnoll. You block the gnoll's attack.
You hit the gnoll sergeant but do no damage.
The gnoll sergeant is moderately wounded.
You barely miss the gnoll. The gnoll sergeant barely misses you.
The gnoll hits you with a +0 halberd.
You hit the gnoll sergeant.
You bite the gnoll sergeant, but do no damage.
The gnoll sergeant is heavily wounded.
You hit the gnoll. You block the gnoll's attack.
The gnoll sergeant hits you with a +4 vorpal trident!
* * * LOW HITPOINT WARNING * * *
x2 You block the gnoll sergeant's attack.
The gnoll hits you but does no damage.
You slash the gnoll!
You kill the gnoll!
You hit the gnoll sergeant but do no damage.
The gnoll sergeant hits you with a +4 vorpal trident!
* * * LOW HITPOINT WARNING * * *
You die...

*8,,,8**,* **,,,,,**,***
*_,,,,,_*,,,*#######
**,,,,,**,∆,$......#
#8...8#*#,>.......# *
##..[..###$,:......# ********
*_....._#..##......# *,,,,,**
*#.....#*#g)g......###,***,,,
*8...8* **#@........,,,,,,,,
*##>##* #.).....##.***,,,*
##### ##)........***,***
#..#* #......###**,,***
#..########.........,,,,,,,
#.##...........#####,,,,,,,
#.##..........## **,,,****
#.##.....o....# *,,,**
#.##..........#****,*,****


You could see a gnoll sergeant and a gnoll.

Vanquished Creatures
  Grinder (D:4)
  A scorpion (D:4)
  A hound (D:4)
  An orc priest (D:3)
  Jessica (D:2)
  Terence (D:4)
  An iguana (D:3)
  An orc wizard (D:5)
  2 gnolls (D:5)
  2 adders
  A shadow imp (D:4)
  5 worms
  3 dart slugs
  6 orcs
  5 ball pythons
  2 bats (D:2)
  6 endoplasms
  9 goblins
  5 hobgoblins
  A quokka (D:1)
  5 frilled lizards
  9 kobolds
  7 rats
76 creatures vanquished.

Notes
Turn   | Place    | Note
-------+----------+-------------------------------------------
     0 | D:1      | YayAnonymity the Gnoll Fighter began the quest for the Orb.
     0 | D:1      | Reached XP level 1. HP: 23/23 MP: 1/1
   419 | D:1      | Reached XP level 2. HP: 28/29 MP: 2/2
   645 | D:2      | Reached XP level 3. HP: 34/35 MP: 3/3
   690 | D:2      | Found a faded altar of an unknown god.
   812 | D:2      | Reached skill level 1 in Invocations
   935 | D:2      | Reached skill level 1 in Short Blades
   935 | D:2      | Reached skill level 1 in Long Blades
   935 | D:2      | Reached skill level 1 in Maces & Flails
   935 | D:2      | Reached skill level 1 in Polearms
   935 | D:2      | Reached skill level 1 in Staves
   935 | D:2      | Reached skill level 1 in Slings
   935 | D:2      | Reached skill level 1 in Bows
   935 | D:2      | Reached skill level 1 in Crossbows
   935 | D:2      | Reached skill level 1 in Throwing
   935 | D:2      | Reached skill level 1 in Dodging
   935 | D:2      | Reached skill level 1 in Stealth
   935 | D:2      | Reached skill level 1 in Unarmed Combat
   935 | D:2      | Reached skill level 1 in Spellcasting
   935 | D:2      | Reached skill level 1 in Evocations
  1159 | D:2      | Noticed Jessica
  1178 | D:2      | Killed Jessica
  1179 | D:2      | Reached XP level 4. HP: 25/41 MP: 5/5
  1501 | D:3      | Reached skill level 1 in Conjurations
  1501 | D:3      | Reached skill level 1 in Hexes
  1501 | D:3      | Reached skill level 1 in Summonings
  1501 | D:3      | Reached skill level 1 in Necromancy
  1501 | D:3      | Reached skill level 1 in Translocations
  1501 | D:3      | Reached skill level 1 in Transmutations
  1501 | D:3      | Reached skill level 1 in Fire Magic
  1501 | D:3      | Reached skill level 1 in Ice Magic
  1501 | D:3      | Reached skill level 1 in Air Magic
  1501 | D:3      | Reached skill level 1 in Earth Magic
  1501 | D:3      | Reached skill level 1 in Poison Magic
  1734 | D:3      | Found a burning altar of Makhleb.
  1736 | D:3      | Noticed an Executioner
  1740 | D:3      | Noticed an orange demon
  1740 | D:3      | Noticed a neqoxec
  1893 | D:3      | Noticed Terence
  1915 | D:4      | Killed Terence
  1916 | D:4      | Reached XP level 5. HP: 34/47 MP: 5/7
  2262 | D:4      | Reached XP level 6. HP: 28/53 MP: 8/8
  2432 | D:4      | Found a runed translucent gate.
  2432 | D:4      | Found a runed translucent gate.
  2432 | D:4      | Found a runed translucent gate.
  2445 | D:4      | Noticed Zdeegee's ghost (novice TeCj)
  2462 | D:4      | Noticed Grinder
  2580 | D:4      | Paralysed by Grinder for 2 turns
  2601 | D:4      | Killed Grinder
  2602 | D:4      | Reached skill level 5 in Axes
  2602 | D:4      | Reached XP level 7. HP: 28/59 MP: 8/10
  3503 | D:4      | Found a sacrificial altar of Ru.
  3518 | D:4      | Found a glowing golden altar of the Shining One.
  3700 | D:5      | Entered Level 5 of the Dungeon
  3868 | D:5      | Found a shimmering blue altar of Sif Muna.
  3869 | D:5      | Found a stormy altar of Qazlal.
  3906 | D:5      | HP: 2/60 [gnoll sergeant/+4 vorpal trident (7)]
  3906 | D:5      | Slain by a gnoll sergeant

Illustrated notes

Levels and vault maps discovered:
D:1:      wander_arrival_fairy_ring, layout_basic
D:2:      layout_rooms, hellmonk_ecumenical_altar_inner_sanctum,
          kennysheep_generic_room_13, uniq_jessica
D:3:      layout_rooms, makhleb_altar_promises_db, uniq_terence
D:4:      layout_gridville, minitemple, gammafunk_ghost_necromancy,
          kennysheep_nondescript, uniq_grinder
D:5:      layout_rooms, nicolae_overflow_hidden_temple,
          minmay_temple_entry_offerings

Skill      XL: |  1  2  3  4  5  6  7 |
---------------+----------------------+-----
Invocations    | 1 2 |  2.6
Short Blades   | 1 2 |  2.3
Long Blades    | 1 2 |  2.3
Maces & Flails | 1 2 |  2.3
Polearms       | 1 2 |  2.3
Staves         | 1 2 |  2.3
Slings         | 1 2 |  2.3
Bows           | 1 2 |  2.3
Crossbows      | 1 2 |  2.3
Throwing       | 1 2 |  2.3
Dodging        | 1 2 |  2.3
Stealth        | 1 2 |  2.3
Unarmed Combat | 1 2 |  2.3
Spellcasting   | 1 2 |  2.3
Evocations     | 1 2 |  2.3
Conjurations   | 1 |  1.9
Hexes          | 1 |  1.9
Summonings     | 1 |  1.9
Necromancy     | 1 |  1.9
Translocations | 1 |  1.9
Transmutations | 1 |  1.9
Fire Magic     | 1 |  1.9
Ice Magic      | 1 |  1.9
Air Magic      | 1 |  1.9
Earth Magic    | 1 |  1.9
Poison Magic   | 1 |  1.9
Axes           | 5 |  5.2
Fighting       | 7 |  7.0
Armour         | 7 |  7.0
Shields        | 7 |  7.0

Action                   |  1- 3 |  4- 6 |  7- 9 || total
-------------------------+-------+-------+-------++-------
Melee: War axe           |    90 |   108 |    51 ||   249
       Bite              |     8 |    15 |     4 ||    27
  Use: Scroll            |       |     3 |     1 ||     4
Armor: Scale mail        |    21 |       |       ||    21
       Chain mail        |    35 |    38 |    34 ||   107
Dodge: Dodged            |    31 |    30 |    24 ||    85
Block: Buckler           |    24 |    22 |    25 ||    71

Table legend: (Time is in decaauts)
 A = Elapsed time spent in this place.
 B = Non-inter-level travel time spent in this place.
 C = Inter-level travel time spent in this place.
 D = Time resting spent in this place.
 E = Time spent auto-exploring this place.
 F = Levels seen in this place.
 G = Mean time per level.
                   A        B        C        D        E       F      G
               +--------+--------+--------+--------+--------+-----+--------+
         Total |   3990 |   3913 |     77 |    372 |   2845 |   5 |  798.0 |
       Dungeon |   3990 |   3913 |     77 |    372 |   2845 |   5 |  798.0 |
               +--------+--------+--------+--------+--------+-----+--------+

Top non-repeatable levels by time:
     D:4: 1674 daAuts
     D:3: 850 daAuts
     D:2: 744 daAuts
     D:1: 642 daAuts
     D:5: 78 daAuts
